 Dungeon Crawl Stone Soup version 0.22.1-2-g9c5b331 (webtiles) character file.

44 errolflynn the Chopper (level 3, -6/34 HPs)
             Began as a Minotaur Berserker on Jan 2, 2019.
             Was a Believer of Trog.
             Mangled by a gnoll
             ... wielding a +0 club
              (9 damage)
             ... on level 2 of the Dungeon.
             The game lasted 00:11:45 (1455 turns).

errolflynn the Chopper (Minotaur Berserker)         Turns: 1455, Time: 00:11:46

Health: -6/34      AC:  4    Str: 22    XL:     3   Next: 39%
Magic:  2/2        EV: 12    Int:  4    God:    Trog [**....]
Gold:   55         SH:  0    Dex:  9    Spells: 2/2 levels left

rFire    + . .     SeeInvis .   a - +0 hand axe
rCold    . . .     Gourm    .   (no shield)
rNeg     . . .     Faith    .   d - +0 leather armour {rF+}
rPois    .         Spirit   .   (helmet restricted)
rElec    .         Reflect  .   (no cloak)
rCorr    .         Harm     .   t - +0 pair of gloves
MR       .....                  (no boots)
Stlth    +.........             (no amulet)
HPRegen  0.11/turn              (no ring)
MPRegen  0.08/turn              (no ring)

@: no status effects
A: retaliatory headbutt, horns 2
a: Berserk, Trog's Hand, Renounce Religion


You were on level 2 of the Dungeon.
You worshipped Trog.
Trog was pleased with you.
You were not hungry.

You visited 1 branch of the dungeon, and saw 2 of its levels.

You collected 55 gold pieces.

Inventory:

Hand Weapons
 a - a +0 hand axe (weapon)
 g - a +0 dagger
 h - a +0 short sword
 o - a +0 club
 r - a +0 spear
 v - a +0 short sword
 y - a +0 hand axe
 z - a +0 short sword
Missiles
 i - 70 stones (quivered)
 j - 50 poisoned needles
 p - 17 arrows
Armour
 b - a +0 animal skin
 d - a +0 leather armour of fire resistance (worn)
 s - a +0 ring mail
 t - a +0 pair of gloves (worn)
 u - a +0 helmet
 w - a +0 pair of boots of running
 A - a +2 robe of resistance
Scrolls
 e - a scroll of magic mapping {unknown}
 f - 4 scrolls of identify {unknown}
 k - a scroll of amnesia {unknown}
 m - a scroll of enchant armour {unknown}
 q - a scroll of blinking {unknown}
 x - a scroll of remove curse {unknown}
Potions
 l - 2 potions of curing {unknown}
 n - a potion of berserk rage {unknown}
Comestibles
 c - 5 rations


   Skills:
 + Level 4.4 Fighting
 + Level 4.4 Axes
 + Level 2.6 Armour
 + Level 2.4 Dodging


You had 2 spell levels left.
You didn't know any spells.
Your spell library was empty.

Dungeon Overview and Level Annotations

Branches:
Dungeon (2/15)

Altars:


Innate Abilities, Weirdness & Mutations

You reflexively headbutt those who attack you in melee.
You have a pair of horns on your head.


Message History

You barely miss the gnoll. The gnoll hits you but does no damage.
The gnoll barely misses you.
You barely miss the gnoll. You hit the gnoll. x2
The gnoll closely misses you. You furiously retaliate!
You headbutt the gnoll, but do no damage.
The gnoll hits you.
* * * LOW HITPOINT WARNING * * *
The gnoll hits you with a club.
* * * LOW HITPOINT WARNING * * *
You closely miss the gnoll. You headbutt the gnoll!
The gnoll is heavily wounded.
You closely miss the gnoll. You hit the gnoll. The gnoll barely misses you. x2
The gnoll completely misses you.
You hit the gnoll.
You headbutt the gnoll, but do no damage.
The gnoll is severely wounded.
You closely miss the gnoll. You barely miss the gnoll.
The gnoll barely misses you. The gnoll closely misses you.
The gnoll hits you with a club!
You die...

# # ## #### .# ..# .#
#.# .. .###### ##.## ...
..†...#######...####....
................gg.'....
..###.#####.....@g#
....#.# ##...$.##
.##.#.# #....## .##.#.#
#.#.## ......# #.###
###†### #.# #.# ... #.#
#.# #.# #.


You could see 3 gnolls.

Vanquished Creatures
  An adder (D:2)
  A gnoll (D:2)
  3 dart slugs
  A leopard gecko (D:2)
  A goblin (D:1)
  3 hobgoblins
  4 kobolds
  2 bats (D:1)
  3 rats (D:1)
  10 plants (D:1)
29 creatures vanquished.

Notes
Turn   | Place    | Note
-------+----------+-------------------------------------------
     0 | D:1      | errolflynn the Minotaur Berserker began the quest for the
                  | Orb.
     0 | D:1      | Reached XP level 1. HP: 19/19 MP: 0/0
   548 | D:1      | Reached XP level 2. HP: 27/27 MP: 1/1
  1378 | D:2      | Reached XP level 3. HP: 27/33 MP: 2/2
  1451 | D:2      | Reached ** piety under Trog
  1455 | D:2      | Mangled by a gnoll

Skill      XL: |  1  2 |
---------------+-------+-----
Fighting       | 4 |  4.4
Axes           | 4 |  4.4
Armour         | |  2.6
Dodging        | |  2.4

Action                   || total
-------------------------++-------
Melee: Hand axe          ||   251
       Headbutt          ||    92
  Eat: Ration            ||     1
Armor: Leather armour    ||    19
Dodge: Dodged            ||    32
